Map: King Sejong Station LE

Players

Gracz

  • Race: Zerg Zerg
  • League: Silver

arzack

  • Race: Terran Terran
  • League: Silver

VOD

Have the link to the VOD?

Description

Time

  • Played on: Oct. 2, 2016, 5:19 a.m.
  • Length: 20:56
Show
View Real Time Build Order
Export as new Build Order

Gracz Zerg 

Build Orders: Pool First, Ravager All-In 

Get SALT Encoding   

  12  0:02  Drone  
  13  0:13  Drone  
  14  0:23  Overlord  
  14  0:37  Spawning Pool  
  14  0:38  Drone  
  14  0:42  Drone  
  15  0:46  Drone  
  16  1:16  Hatchery  
  15  1:20  Overlord  
  15  1:23  Drone x2  
  17  1:27  Extractor  
  16  1:43  Drone x2  
  18  1:50  Queen  
  18  1:53  Zergling x2  
  21  2:27  Roach Warren, Zergling x2  
  21  2:28  Zergling x4  
  23  2:32  Queen  
  23  2:34  Zergling x2  
  26  2:56  Overlord x2  
  26  3:08  Roach  
  28  3:14  Roach x4  
  28  3:15  Roach  
  38  3:40  Extractor  
  37  3:44  Drone x4  
  36  4:07  Drone  
  36  4:08  Drone x4  
  41  4:18  Ravager x2  
  41  4:23  Extractor  
  42  4:26  Extractor, Drone x3  
  42  4:28  Overlord x2  
  44  4:46  Ravager x2, Overlord  
  44  4:47  Overlord  
  44  4:52  Ravager  
  47  5:01  Drone x4  
  47  5:02  Drone  
  47  5:36  Zergling x12  
  47  5:37  Zergling x12  
  59  5:43  Baneling Nest  
  46  6:16  Hatchery  
  46  6:17  Queen x2  
  49  6:35  Baneling x10  
  49  6:36  Baneling x13  
  49  6:37  Baneling  
  49  6:43  Drone x2  
  45  7:23  Spore Crawler  
  34  7:50  Roach  
  34  7:51  Roach x13  
  52  8:27  Queen  
  54  8:37  Drone  
  54  8:38  Drone x7  
  62  9:02  Queen x2  
  62  9:04  Drone x2  
  68  9:22  Drone x5  
  73  9:54  Drone  
  73  9:55  Drone x7  
  73  9:56  Overlord  
  73  9:57  Overlord  
  81  10:33  Drone x5  
  86  11:09  Lair  
  49  11:43  Ravager x2  
  49  11:45  Roach x8  
  49  11:46  Roach x9  
  70  12:19  Ravager  
  70  12:20  Ravager x8  
  70  12:21  Ravager x3  
  77  12:25  Spore Crawler  
  67  12:58  Drone  
  67  12:59  Drone x5  
  67  13:05  Spire  
  72  13:39  Spore Crawler  
  72  13:41  Spore Crawler  
  70  13:44  Spore Crawler  
  70  13:47  Spore Crawler  
  68  14:18  Queen  
  68  14:20  Mutalisk  
  68  14:21  Mutalisk x13  
  98  14:27  Overlord x4  
  98  14:44  Queen x2  
  102  14:56  Mutalisk  
  102  14:57  Mutalisk x4  
  112  15:05  Drone  
  112  15:06  Drone x5  
  118  15:20  Extractor  
  111  15:42  Drone  
  109  15:43  Drone x5  
  114  16:10  Extractor  
  113  16:25  Hatchery  
  112  16:44  Mutalisk  
  112  16:45  Mutalisk x8  
  130  16:50  Overlord x3  
  130  17:13  Spore Crawler  
  129  17:34  Mutalisk  
  129  17:35  Mutalisk x6  
  143  17:58  Infestation Pit  
  143  18:04  Spire  
  141  18:11  Drone  
  141  18:12  Drone x8  
  74  19:15  Mutalisk  
  74  19:16  Mutalisk x7  
  68  19:19  Zergling x16  
  44  19:59  Corruptor  
  32  20:00  Corruptor x2  
  38  20:08  Extractor  
  38  20:10  Overlord  
  38  20:11  Extractor  
Show
View Real Time Build Order
Export as new Build Order

arzack Terran 

Build Orders:  

Get SALT Encoding   

  12  0:01  SCV  
  13  0:14  SCV  
  14  0:24  Supply Depot  
  14  0:26  SCV  
  15  0:49  Barracks  
  15  0:52  Barracks  
  15  0:54  SCV  
  16  1:03  Refinery  
  16  1:08  Refinery  
  16  1:10  SCV  
  17  1:22  SCV  
  18  1:36  SCV  
  18  1:38  Marine  
  20  1:40  Marine  
  21  1:47  Supply Depot  
  21  1:52  Factory  
  21  1:57  SCV  
  22  2:02  Marine  
  23  2:16  Engineering Bay  
  23  2:19  Marine  
  24  2:29  SCV  
  25  2:33  Marine  
  26  2:37  Factory Tech Lab  
  26  3:00  Siege Tank  
  29  3:06  Starport  
  29  3:07  SCV  
  30  3:13  Terran Infantry Weapons Level 1  
  30  3:14  Supply Depot  
  30  3:25  Barracks Tech Lab  
  30  3:26  Marine  
  31  3:39  SCV  
  32  3:44  Medivac  
  32  3:46  Marine  
  37  3:48  Marauder  
  37  3:55  Engineering Bay  
  36  4:04  Marine  
  36  4:07  Supply Depot  
  36  4:08  SCV  
  38  4:22  Marine  
  39  4:27  Terran Infantry Armor Level 1  
  39  4:29  Siege Tank  
  42  4:40  Missile Turret  
  42  4:41  SCV  
  42  4:43  Marauder  
  45  4:54  Marine  
  46  5:05  Supply Depot  
  46  5:24  Marine  
  46  5:26  Medivac  
  46  5:27  Marauder  
  51  5:32  Armory  
  48  5:35  Orbital Command  
  51  5:39  Liberator  
  51  5:42  Marine  
  52  5:44  Supply Depot  
  55  6:13  Marine x2  
  57  6:28  Missile Turret, Terran Infantry Armor Level 2  
  57  6:37  Marine x2  
  59  6:56  Command Center  
  43  8:06  Marine  
  43  8:07  Marine  
  43  8:09  Medivac  
  45  8:20  Terran Infantry Weapons Level 2  
  45  8:22  Bunker  
  45  8:23  Terran Vehicle And Ship Armor Level 1  
  45  8:24  Marine  
  46  8:28  SCV  
  47  8:37  Hellbat  
  47  8:38  Infernal Pre-Igniter  
  47  8:39  Medivac  
  51  8:42  Supply Depot  
  51  8:47  SCV  
  52  8:59  Bunker, SCV  
  53  9:05  Marine, Marauder  
  56  9:12  Missile Turret  
  56  9:15  Refinery  
  56  9:18  Refinery  
  56  9:20  Medivac  
  56  9:23  Marine  
  59  9:27  Marauder  
  61  9:32  Terran Infantry Armor Level 3  
  61  9:49  Starport  
  61  9:51  Hellbat  
  63  9:53  Marine, Marauder  
  63  9:55  Concussive Shells  
  66  10:11  Marine  
  66  10:12  Liberator, SCV  
  66  10:14  Marine  
  68  10:19  Hellbat, Supply Depot  
  71  10:21  Terran Vehicle Weapons Level 1  
  71  10:29  Marine  
  71  10:31  Marine  
  76  10:35  Missile Turret  
  76  10:46  Marine  
  76  10:48  SCV  
  80  10:50  Marauder  
  80  10:54  Supply Depot  
  80  11:04  Marine  
  80  11:05  Missile Turret  
  83  11:11  Marauder  
  75  11:38  Liberator  
  75  11:39  Liberator  
  73  11:50  Marine, Marauder  
  73  11:53  Hellbat  
  84  12:08  Marine  
  84  12:12  Marauder  
  69  12:59  Hellbat  
  69  13:03  Barracks Reactor  
  71  13:06  Viking  
  71  13:07  Medivac  
  71  13:10  Terran Ship Weapons Level 1  
  71  13:11  Terran Infantry Weapons Level 3  
  75  13:15  Marauder  
  75  13:16  SCV  
  78  13:33  Supply Depot  
  78  13:36  Marauder  
  80  13:42  Marine x2  
  82  13:57  Marine  
  82  14:00  Marine x2  
  85  14:15  Marine  
  86  14:18  Marine x2  
  88  14:33  Marine  
  88  14:36  Marine x2  
  91  14:38  Viking x2  
  91  14:43  Hellbat  
  97  14:50  Marine  
  98  14:53  Marine  
  98  14:54  Marine  
  100  15:08  Marine  
  100  15:11  Marine x2  
  100  15:26  Marine  
  91  15:40  Viking x2  
  91  15:42  Terran Ship Weapons Level 2  
  87  15:44  Marauder  
  89  16:02  Marine x2  
  91  16:05  Marine, Command Center  
  91  16:06  Supply Depot  
  92  16:13  Missile Turret  
  92  16:17  Medivac  
  92  16:18  Viking  
  96  16:20  Marine x2  
  96  16:23  Marine  
  99  16:26  SCV  
  100  16:43  Supply Depot  
  100  16:44  Barracks  
  100  16:48  Medivac  
  100  16:49  Viking  
  100  16:51  SCV  
  105  17:05  Hellbat  
  105  17:06  Missile Turret, Marine x2  
  109  17:19  Missile Turret  
  109  17:22  Medivac, Viking  
  111  17:24  Marine x2  
  115  17:37  Refinery  
  115  17:42  Marine x2  
  115  17:44  Bunker  
  117  17:53  Starport Tech Lab  
  117  17:57  Marine, Marauder  
  117  17:58  Combat Shields  
  120  17:59  Marine  
  120  18:00  Marine  
  120  18:02  Terran Vehicle And Ship Armor Level 2  
  122  18:15  Marine  
  122  18:18  Marauder  
  86  19:23  Marine  
  86  19:24  Marine x3  
  85  19:27  Hellbat  
  85  19:29  Medivac, Viking  
  84  19:49  Hellbat  
  86  19:59  Medivac, Viking  
  90  20:00  Marine x2, Marauder  
  94  20:21  Marauder  
  96  20:32  Marine x2  
  96  20:34  Marine  
Tags
 
Add a new tag
Caveats
  • Supply blocks, unpowered buildings, or Contaminate may cause inaccurate times.
  • Supply counts are checked every 10 seconds.